 Dungeon Crawl Stone Soup version 0.28.0 (webtiles) character file.

Game seed: 17192596257630323583

41 zeram the Sneak (level 3, -2/22 HPs)
             Began as an Octopode Enchanter on Feb 14, 2022.
             Slain by Sigmund (13 damage)
             ... on level 2 of the Dungeon.
             The game lasted 00:02:31 (1484 turns).

zeram the Sneak (Octopode Enchanter)                Turns: 1484, Time: 00:02:32

Health: -2/22      AC:  1    Str:  7    XL:     3   Next: 52%
Magic:  0/6        EV: 13    Int: 19    God:
Gold:   30         SH:  0    Dex: 12    Spells: 1/6 levels left

rFire   . . .      SeeInvis .   a - +1 dagger
rCold   . . .      Faith    .   (no shield)
rNeg    . . .      Spirit   .   (helmet restricted)
rPois   .          Reflect  .   (no amulet)
rElec   .          Harm     .   d - ring of wizardry
rCorr   .          Rampage  .   (no ring)
Will    .....                   (no ring)
Stlth   ++++......              (no ring)
HPRegen 0.07/turn               (no ring)
MPRegen 0.10/turn               (no ring)
                                (no ring)
                                (no ring)

@: very slightly contaminated, invisible
A: almost no armour, amphibious, 8 rings, camouflage 1, gelatinous body 1,
(nimble swimmer 1), tentacles
a: no special abilities


You were on level 2 of the Dungeon.
You visited 1 branch of the dungeon, and saw 2 of its levels.

You collected 30 gold pieces.

Inventory:

Hand Weapons
 a - a +1 dagger (weapon)
Jewellery
 d - a ring of wizardry (left tentacle)
Scrolls
 e - a scroll of vulnerability {unknown}
 f - a scroll of blinking {unknown}
Potions
 c - 2 potions of curing


   Skills:
 + Level 0.4 Fighting
 + Level 1.7 Short Blades
 + Level 2.1 Dodging
 + Level 4.6 Stealth
 + Level 2.4 Spellcasting
 + Level 3.2 Hexes


You had one spell level left.
You knew the following spells:

 Your Spells              Type           Power      Damage    Failure   Level
a - Ensorcelled Hibernat  Hex/Ice        16%        N/A       5%          2
b - Tukima's Dance        Hex            14%        N/A       5%          3

Your spell library contained the following spells:

 Spells                   Type           Power      Damage    Failure   Level
 Confusing Touch          Hex            14%        N/A       5%          3
 Dazzling Flash           Conj/Hex       16%        N/A       11%         3
 Conjure Flame            Conj/Fire      2%         6-21      19%         3
 Ignite Poison            Fire/Tmut/Pois 2%         N/A       19%         3
 Sticky Flame             Conj/Fire      2%         2d3       52%         4


Dungeon Overview and Level Annotations

Branches:
Dungeon (2/15)

Altars:

Annotations:
D:2 Sigmund


Innate Abilities, Weirdness & Mutations

You cannot wear most types of armour.
You are amphibious.
You can wear up to eight rings at the same time.
Your skin changes colour to match your surroundings (Stealth+).
Your rubbery body absorbs attacks. (AC +1, EV +1)
((You are camouflaged when in or above water. (Stealth+)))
You have tentacles for arms and can constrict up to eight enemies at once.


Message History

You barely miss the rat.
The rat is severely wounded.
You feel less confused. The rat closely misses you.
You closely miss the rat. Your grab misses the rat.
Your squeeze misses the rat.
The rat is severely wounded.
The rat misses you.
You hit the rat.
You kill the rat!
Cast which spell? (? or * to list)
Aiming: Ensorcelled Hibernation (safe; 5% risk of failure)
Press: ? - help, Shift-Dir - straight line, f - Sigmund
Aim: Sigmund, wielding a +0 scythe of protection and wearing a +0 robe (heavily wounded, chance to affect: 50%)
You miscast Ensorcelled Hibernation.
You are very lightly contaminated with residual magic.
Nothing appears to happen.
Casting: Ensorcelled Hibernation (safe; 5% risk of failure)
Confirm with . or Enter, or press ? or * to list all spells.
Aiming: Ensorcelled Hibernation (safe; 5% risk of failure)
Press: ? - help, Shift-Dir - straight line, f/p - Sigmund
Aim: Sigmund, wielding a +0 scythe of protection and wearing a +0 robe (heavily wounded, chance to affect: 50%) Sigmund resists with some effort.
Sigmund points at something and mumbles some strange words.
Casting: Ensorcelled Hibernation (safe; 5% risk of failure)
Confirm with . or Enter, or press ? or * to list all spells.
Aiming: Ensorcelled Hibernation (safe; 5% risk of failure)
Press: ? - help, Shift-Dir - straight line, f/p - Sigmund
Aim: Sigmund, wielding a +0 scythe of protection and wearing a +0 robe (heavily wounded, chance to affect: 50%) Sigmund resists with some effort.
Casting: Ensorcelled Hibernation (safe; 5% risk of failure)
Confirm with . or Enter, or press ? or * to list all spells.
You don't have enough magic to cast this spell.
Unknown command.
Casting: Ensorcelled Hibernation (safe; 5% risk of failure)
Confirm with . or Enter, or press ? or * to list all spells.
You don't know that spell.
Sigmund hits you with a +0 scythe of protection!
Ouch! That really hurt!
You die...

### .. ##.#
#... ###...###
#....@@.#
#.....†.#
#.......#####
....[........#
##.#...#####.#
#......# #.#
######.# #.#
#.####.#
#.##...#


You could see Sigmund.

Vanquished Creatures
  2 dart slugs (D:1)
  5 ball pythons
  5 endoplasms (D:1)
  2 giant cockroaches (D:1)
  2 goblins (D:1)
  2 hobgoblins
  3 kobolds (D:1)
  2 quokkas (D:1)
  3 bats
  7 rats
33 creatures vanquished.

Notes
Turn   | Place    | Note
-------+----------+-------------------------------------------
     0 | D:1      | zeram the Octopode Enchanter began the quest for the Orb.
     0 | D:1      | Reached XP level 1. HP: 11/11 MP: 3/3
   479 | D:1      | Reached XP level 2. HP: 17/17 MP: 5/5
   997 | D:1      | Reached XP level 3. HP: 21/21 MP: 6/6
  1017 | D:1      | Learned a level 2 spell: Ensorcelled Hibernation
  1021 | D:1      | Learned a level 3 spell: Tukima's Dance
  1082 | D:1      | Found a faded altar of an unknown god.
  1468 | D:2      | Noticed Sigmund
  1484 | D:2      | Slain by Sigmund

Illustrated notes

Levels and vault maps discovered:
D:1:      dpeg_arrival_rooms_with_view, layout_loops_cross,
          hellmonk_ecumenical_altar_leap_of_faith, chequers_decorated_corner
D:2:      layout_loops_ring, uniq_jessica, uniq_sigmund, uniq_terence

Action                   || total
-------------------------++-------
Melee: Dagger            ||    80
       Constrict         ||    12
       Tentacles         ||     9
       Punch             ||     1
 Cast: Ensorcelled Hiber ||     2
  Use: Scroll            ||     1
       Potion            ||     1
 Stab: Sleeping          ||    15
       Distracted        ||     1
Armor: Skin              ||    13
Dodge: Dodged            ||    39
